 Dungeon Crawl Stone Soup version 0.28.0-53-g5a82cb258f (webtiles) character file.

Game seed: 10101833910810017877

1582 Peloso the Carver (level 8, -3/71 HPs)
             Began as a Minotaur Fighter on Aug 11, 2022.
             Was a Believer of Okawaru.
             Slain by a troll (10 damage)
             ... on level 6 of the Dungeon.
             The game lasted 00:09:46 (5568 turns).

Peloso the Carver (Minotaur Fighter)                Turns: 5568, Time: 00:09:47

Health: -3/71      AC: 16    Str: 21    XL:     8   Next: 60%
Magic:  7/7        EV:  6    Int:  5    God:    Okawaru [**....]
Gold:   204        SH:  5    Dex: 12    Spells: 7/7 levels left

rFire   . . .      SeeInvis .   a - +4 falchion
rCold   . . .      Faith    .   c - +0 buckler
rNeg    . . .      Spirit   .   s - +0 plate armour
rPois   .          Reflect  .   (helmet restricted)
rElec   .          Harm     .   (no cloak)
rCorr   .          Rampage  .   h - +2 pair of gloves
Will    .....                   (no boots)
Stlth   ..........              (no amulet)
HPRegen 0.21/turn               (no ring)
MPRegen 0.10/turn               (no ring)

@: no status effects
A: horns 2, retaliatory headbutt
a: Renounce Religion, Heroism


You were on level 6 of the Dungeon.
You worshipped Okawaru.
Okawaru was pleased with you.
You visited 2 branches of the dungeon, and saw 7 of its levels.

You collected 275 gold pieces.
You spent 71 gold pieces at shops.

Inventory:

Hand Weapons
 a - a +4 falchion (weapon)
 b - the +8 hand axe of Outrage {flame, rElec Str+6}
   (You found it on level 4 of the Dungeon)

   It burns those it strikes, dealing additional fire damage.
   Big, fiery blades are also staple armaments of hydra-hunters.
   Str:       It affects your strength (+6).
   rElec:     It insulates you from electricity.
Armour
 c - a +0 buckler (worn)
 h - a +2 pair of gloves (worn)
 o - a +0 chain mail
 s - a +0 plate armour (worn)
Jewellery
 f - an amulet of magic regeneration
 r - an amulet of regeneration
Wands
 n - a wand of flame (14)
 t - a wand of mindburst (8)
 w - a wand of acid (8)
Scrolls
 e - a scroll of amnesia
 g - a scroll of enchant weapon
 i - 2 scrolls of teleportation
 j - 2 scrolls of magic mapping
 k - a scroll of enchant armour
 p - a scroll of fear
 v - a scroll of fog {unknown}
Potions
 d - a potion of might
 l - 3 potions of mutation
 m - 2 potions of brilliance {unknown}
 u - a potion of heal wounds {unknown}


   Skills:
 + Level 6.5 Fighting
 + Level 9.0 Long Blades
 + Level 7.1 Armour
 + Level 1.4 Dodging
 + Level 0.2 Stealth
 + Level 5.8 Shields
 + Level 1.0 Invocations


You had 7 spell levels left.
You didn't know any spells.
Your spell library contained the following spells:

 Spells                   Type           Power      Damage    Failure   Level
 Foxfire                  Conj/Fire      0%         2x1d4     100%        1
 Pain                     Necr           0%         1d4       100%        1
 Sandblast                Erth           0%         2d4       100%        1
 Passwall                 Tmut/Erth      0%         N/A       100%        2
 Conjure Flame            Conj/Fire      0%         6-21      100%        3
 Frozen Ramparts          Ice            0%         1d2       100%        3
 Gell's Gravitas          Tloc           0%         N/A       100%        3
 Inner Flame              Hex/Fire       0%         N/A       100%        3
 Stone Arrow              Conj/Erth      0%         3d7       100%        3
 Teleport Other           Tloc           0%         N/A       100%        3
 Vampiric Draining        Necr           0%         2d6       100%        3
 Flame Wave               Conj/Fire      0%         2d4       100%        4
 Ice Form                 Ice/Tmut       0%         N/A       100%        4
 Dispersal                Tloc           0%         N/A       100%        6
 Animate Skeleton         Necr           Unusable   N/A       N/A         1
 Summon Ice Beast         Ice/Summ       Unusable   N/A       N/A         4

Dungeon Overview and Level Annotations

Branches:
Dungeon (6/15)             Temple (1/1) D:6

Altars:
Ashenzari
Fedhas
Kikubaaqudgha
Makhleb
Okawaru
Trog
Vehumet
Wu Jian
Xom
Zin
The Shining One

Shops:
D:2 ?   D:4 *


Innate Abilities, Weirdness & Mutations

You have a pair of horns on your head.
You reflexively headbutt those who attack you in melee.


Message History

The troll is moderately wounded.
The troll bites you. The troll claws you! You block the troll's attack.
You hit the troll.
The troll is moderately wounded.
The troll bites you but does no damage. You block the troll's attack.
The troll claws you but does no damage.
The orc priest calls down the wrath of Beogh upon you.
Beogh smites you!
* * * LOW HITPOINT WARNING * * *
You barely miss the troll. You headbutt the troll.
The troll is moderately wounded.
The troll bites you but does no damage. You block the troll's attack.
The troll claws you but does no damage.
Unknown command.
You feel better. The troll bites you but does no damage.
You block the troll's attack. The troll barely misses you.
You hit the troll. You headbutt the troll!
The troll is severely wounded.
You block the troll's attack. x2; The troll claws you but does no damage.
The orc priest begins to cast a cantrip, but forgets the words!
You hit the troll. Your headbutt misses the troll.
The troll is severely wounded.
The troll bites you.
* * * LOW HITPOINT WARNING * * *
The troll claws you but does no damage. The troll claws you!
* * * LOW HITPOINT WARNING * * *
You slash the troll! Your headbutt misses the troll.
The troll is almost dead.
You block the troll's attack.
The troll claws you but does no damage. x2
Unknown command.
You barely miss the troll.
The troll is almost dead.
The troll bites you but does no damage. You block the troll's attack.
The troll barely misses you.
You barely miss the troll.
The troll is almost dead.
You barely miss the troll.
The troll is almost dead.
The troll bites you!
You die...

...####..##.#
......#..##.#
.....#....#)# ###
#...........##..##
##...........##..###
##.................#
...##...#..##....###
..####.o.#.##..T##
..###.......)###@#
...##.......## ##.#
.........>...## ###
..............##.>###
$............#......##
..........#.#.[..###.#
........###.....##..#
.........##.....#...#
...................#


You could see a troll.

Vanquished Creatures
  An orc warrior (D:4)
  A sky beast (D:5)
  A black bear (D:6)
  A necrophage (D:5)
  2 ogres (D:5)
  2 scorpions
  A water moccasin zombie (D:5)
  4 wights (D:5)
  A howler monkey (D:5)
  2 bullfrog zombies
  A centaur zombie (D:5)
  A hound (D:5)
  A jelly (D:5)
  A human zombie (D:5)
  4 orc priests
  A bullfrog skeleton (D:4)
  A centaur skeleton (D:4)
  3 iguanas
  2 orc wizards (D:5)
  2 killer bee zombies (D:5)
  A mummy (D:5)
  A howler monkey zombie (D:6)
  6 adders
  An ufetubus (D:6)
  3 worms
  An adder skeleton (D:5)
  3 dart slugs
  7 orcs
  4 endoplasms
  5 giant cockroaches
  3 goblins
  6 hobgoblins
  2 jackals (D:2)
  10 kobolds
  2 quokkas
  5 ball pythons
  4 bats
  4 frilled lizards (D:3)
  8 rats
109 creatures vanquished.

Notes
Turn   | Place    | Note
-------+----------+-------------------------------------------
     0 | D:1      | Peloso the Minotaur Fighter began the quest for the Orb.
     0 | D:1      | Reached XP level 1. HP: 19/19 MP: 0/0
    97 | D:1      | Reached XP level 2. HP: 27/27 MP: 1/1
   423 | D:2      | Reached XP level 3. HP: 33/33 MP: 2/2
   473 | D:2      | Found Niwn's Magic Scroll Shoppe.
   477 | D:2      | Bought a scroll of magic mapping for 45 gold pieces
   477 | D:2      | Bought a scroll of identify for 26 gold pieces
   498 | D:2      | Reached skill level 3 in Long Blades
   807 | D:2      | Found a faded altar of an unknown god.
   907 | D:2      | Found an iron altar of Okawaru.
   939 | D:2      | Became a worshipper of Warmaster Okawaru
  1274 | D:2      | Reached XP level 4. HP: 40/40 MP: 3/3
  2044 | D:3      | Reached skill level 4 in Long Blades
  2429 | D:4      | Reached XP level 5. HP: 47/47 MP: 4/4
  2435 | D:4      | Identified the +8 hand axe of Outrage {flame, rElec Str+6}
  2812 | D:4      | Reached skill level 5 in Long Blades
  2812 | D:4      | Reached skill level 5 in Armour
  2956 | D:4      | Found Decip's CLEARANCE SALE!.
  3108 | D:4      | Reached XP level 6. HP: 53/53 MP: 5/5
  3115 | D:4      | Reached skill level 1 in Dodging
  3123 | D:4      | Reached * piety under Okawaru
  3421 | D:5      | Entered Level 5 of the Dungeon
  3422 | D:5      | Noticed an orc warrior
  3443 | D:4      | Killed an orc warrior
  3624 | D:5      | Reached skill level 5 in Shields
  3629 | D:5      | Reached skill level 6 in Long Blades
  3636 | D:5      | Reached skill level 1 in Invocations
  3636 | D:5      | Reached XP level 7. HP: 49/60 MP: 6/6
  3900 | D:5      | Reached skill level 5 in Fighting
  3909 | D:5      | Reached ** piety under Okawaru
  3910 | D:5      | Reached skill level 7 in Long Blades
  4527 | D:5      | Reached XP level 8. HP: 68/70 MP: 7/7
  4532 | D:5      | Reached skill level 8 in Long Blades
  4782 | D:5      | Found an ancient bone altar of Kikubaaqudgha.
  5291 | D:6      | Found a staircase to the Ecumenical Temple.
  5374 | Temple   | Entered the Ecumenical Temple
  5507 | D:6      | Reached skill level 9 in Long Blades
  5529 | D:6      | Noticed a troll
  5568 | D:6      | Slain by a troll

Illustrated notes

Levels and vault maps discovered:
D:1:      saegor_arrival_simple_e, layout_basic
D:2:      layout_loops_ring, hellmonk_ecumenical_altar_leap_of_faith,
          serial_aquarium, aquarium_bridge_long_joined [aquarium_subvault_wall,
          aquarium_subvault_bridge, aquarium_subvault_balcony,
          aquarium_subvault_wall, aquarium_subvault_balcony,
          aquarium_subvault_wall], aquarium_bridge_island_small
          [aquarium_subvault_small_open, aquarium_subvault_bridge,
          aquarium_subvault_window, aquarium_subvault_bridge,
          aquarium_subvault_window], aquarium_window_fake, aquarium_window_1,
          aquarium_window_fake, aquarium_view_2c, aquarium_pool_side,
          basic_altar, serial_shops, nicolae_shop_trees, minmay_statues_item,
          minivault_14
D:3:      layout_basic
D:4:      layout_loops_corners, nicolae_shop_clearance
D:5:      layout_basic, lemuel_mausoleum_altar_kikubaaqudgha
D:6:      layout_layer_cave, minmay_temple_entry_proselytizer
Temple:   minmay_crystal_snake_temple

Skill      XL: |  1  2  3  4  5  6  7  8 |
---------------+-------------------------+-----
Fighting       | 4 5 6 |  6.5
Armour         | 4 5 6 7 |  7.1
Shields        | 4 5 |  5.8
Long Blades    | 3 4 5 6 7 9 |  9.0
Dodging        | 1 |  1.4
Invocations    | 1 |  1.0
Stealth        | |  0.2

Action                   |  1- 3 |  4- 6 |  7- 9 || total
-------------------------+-------+-------+-------++-------
Melee: Long sword        |    74 |   121 |    84 ||   279
       Headbutt          |    12 |    25 |    33 ||    70
       Falchion          |       |       |    76 ||    76
Invok: Heroism           |       |     1 |       ||     1
  Use: Potion            |     2 |       |     1 ||     3
       Scroll            |     4 |       |     3 ||     7
Armor: Scale mail        |    37 |       |       ||    37
       Chain mail        |     1 |    53 |       ||    54
       Plate armour      |       |    10 |    70 ||    80
Dodge: Dodged            |    27 |    38 |    37 ||   102
Block: Buckler           |    20 |    30 |    48 ||    98
